Map: Abiogenesis LE

Players

KEULE - Winner!

  • Race: Terran Terran
  • League: Silver
  • Spawn Location: 5:00

Infamous

  • Race: Protoss Protoss
  • League: Gold
  • Spawn Location: 11:00

VOD

Have the link to the VOD?

Description

Time

  • Played on: April 18, 2018, 10:10 a.m.
  • Length: 3:47
Show
View Real Time Build Order
Export as new Build Order

KEULE Terran - Winner!

Build Orders:  

Get SALT Encoding   

  12  0:01  SCV  
  13  0:13  SCV  
  14  0:18  Supply Depot  
  14  0:25  SCV  
  15  0:40  SCV  
  15  0:41  Barracks  
  16  0:48  Refinery  
  16  0:52  SCV  
  18  1:04  SCV  
  18  1:08  Barracks  
  18  1:16  SCV  
  19  1:29  Supply Depot, SCV  
  20  1:36  Reaper  
  21  1:41  SCV  
  21  1:46  Refinery  
  22  1:58  Reaper  
  23  2:03  Orbital Command  
  23  2:18  Reaper  
  23  2:21  Supply Depot  
  24  2:30  Reaper, SCV  
  26  2:50  Reaper  
  27  3:02  Reaper  
  28  3:17  SCV  
  29  3:22  Barracks  
  30  3:28  Barracks  
Show
View Real Time Build Order
Export as new Build Order

Infamous Protoss 

Build Orders: 1 Gate Expand 

Get SALT Encoding   

  12  0:01  Probe  
  13  0:14  Probe  
  14  0:21  Pylon  
  14  0:26  Probe  
  15  0:39  Gateway  
  15  0:41  Probe  
  16  0:55  Assimilator  
  16  0:56  Probe  
  17  1:28  Nexus  
  17  1:30  Probe  
  18  1:36  Cybernetics Core  
  18  1:38  Probe  
  17  1:46  Probe  
  19  2:01  Probe  
  19  2:04  Assimilator  
  19  2:06  Pylon  
  20  2:19  Stalker  
  22  2:32  Robotics Facility  
  22  2:33  Probe  
  21  2:58  Probe x2  
  23  3:12  Probe  
Tags
 
Add a new tag
Caveats
  • Supply blocks, unpowered buildings, or Contaminate may cause inaccurate times.
  • Supply counts are checked every 10 seconds.